 Dungeon Crawl Stone Soup version 0.32-a0-872-g59262bdc9b (webtiles) character file.

Game seed: 11111996337152754441

1378 Ajdolov the Trooper (level 8, -2/73 HPs)
             Began as an Armataur Fighter on Mar 30, 2024.
             Was an Initiate of Okawaru.
             Slain by an ice beast (13 damage)
             ... on level 7 of the Dungeon.
             The game lasted 00:08:21 (5611 turns).

Ajdolov the Trooper (Armataur Fighter)              Turns: 5611, Time: 00:08:22

Health: -2/73      AC:  8    Str: 24    XL:     8   Next: 39%
Magic:  8/8        EV:  6    Int:  8    God:    Okawaru [......]
Gold:   348        SH:  4    Dex: 12    Spells: 7/7 levels left

rFire   . . .        w - +0 morningstar
rCold   . . .        c - +0 buckler
rNeg    + . .        b - +0 scale mail
rPois   .            (no helmet)
rElec   +            (no cloak)
rCorr   .            y - +0 pair of gloves
SInv    .            (no barding)
Will    +....        (no amulet) Stlth
                     t - ring "Koitwima" {Fly rElec rN+ Dex+2}
HPRegen 0.32/turn    i - ring of willpower
MPRegen 0.11/turn

%: roll
@: attractive, flying
A: large, deformed body, tough skin 3, armoured tail, rollpage 2
a: Renounce Religion


You were on level 7 of the Dungeon.
You worshipped Okawaru.
Okawaru was noncommittal.
You visited 2 branches of the dungeon, and saw 8 of its levels.
You also visited: Sewer.

You collected 348 gold pieces.

Inventory:

Hand Weapons
 w - a +0 morningstar (weapon)
Missiles
 r - 9 boomerangs (quivered)
 x - a curare-tipped dart
Armour
 b - a +0 scale mail (worn)
 c - a +0 buckler (worn)
 y - a +0 pair of gloves (worn)
Jewellery
 i - a ring of willpower (right hand)
 t - the ring "Koitwima" (left hand) {Fly rElec rN+ Dex+2}
   (You found it on level 3 of the Dungeon)

   [ring of flight]

   Dex+2:     It affects your dexterity (+2).
   rElec:     It insulates you from electricity.
   rN+:       It protects you from negative energy.
   Fly:       It grants you flight.
Scrolls
 a - a scroll of butterflies {unknown}
 e - 5 scrolls of identify {unknown}
 f - 5 scrolls of teleportation {unknown}
 g - a scroll of noise {unknown}
 k - a scroll of torment {unknown}
 l - a scroll of immolation {unknown}
 n - 2 scrolls of fear {unknown}
 s - a scroll of fog {unknown}
 v - a scroll of vulnerability {unknown}
 B - a scroll of revelation {unknown}
Potions
 d - a potion of might
 h - a potion of ambrosia {unknown}
 j - a potion of degeneration {unknown}
 m - 5 potions of curing {unknown}
 o - a potion of heal wounds {unknown}
 p - a potion of lignification {unknown}
 q - 2 potions of attraction
 u - 2 potions of enlightenment {unknown}
 z - a potion of experience {unknown}
 A - a potion of magic {unknown}


   Skills:
 + Level 7.2 Fighting
 + Level 6.9 Maces & Flails
 - Level 3.6 Armour
 - Level 3.2 Shields


You had 7 spell levels left.
You didn't know any spells.
Your spell library contained the following spells:

 Spells                   Type           Power      Damage    Failure   Level
 Slow                     Hex            0%         N/A       77%         1
 Confusing Touch          Hex            0%         N/A       98%         3
 Vampiric Draining        Necr           0%         2d6       98%         3


Dungeon Overview and Level Annotations

Branches:
Dungeon (7/15)             Temple (1/1) D:5           Sewer (visited)

Altars:
Ashenzari
Cheibriados
Dithmenos
Elyvilon
Fedhas
Gozag
Hepliaklqana
Kikubaaqudgha
Makhleb
Nemelex Xobeh
Okawaru
Qazlal
Ru
Sif Muna
Trog
Uskayaw
Vehumet
Wu Jian
Xom
Yredelemnul
Zin
The Shining One

Shops:
D:1 (   D:3 :==


Innate Abilities, Weirdness & Mutations

Armour fits poorly on your strangely shaped body.
You have extremely tough skin. (AC +3)
You have a long armoured tail.
You regenerate magic and health when rolling toward enemies. (Rampage Regen)


Message History

The bullfrog attacks as it pursues you! The bullfrog hits you.
Unknown command.
The bullfrog attacks as it pursues you! The bullfrog hits you.
The bullfrog hits you but does no damage.
You hit the bullfrog.
Your tail-slap misses the bullfrog.
The bullfrog is heavily wounded.
You block the ice beast's attack.
The bullfrog hits you but does no damage.
The ice beast hits you but does no damage.
The bullfrog hits you but does no damage.
Unknown command.
You hit the bullfrog.
The bullfrog is heavily wounded.
The bullfrog closely misses you.
The ice beast hits you but does no damage.
You impale the bullfrog!!
You kill the bullfrog!
Okawaru accepts your kill.
The ice beast hits you but does no damage.
Unknown command.
You barely miss the ice beast. You tail-slap the ice beast.
The ice beast is lightly wounded.
The ice beast hits you. The ice beast freezes you!
You puncture the ice beast!
The ice beast is heavily wounded.
The ice beast hits you. The ice beast freezes you!
* * * LOW HITPOINT WARNING * * *
Okay, then.
It was a potion of attraction.
You feel attractive to monsters.
The ice beast hits you but does no damage.
You closely miss the ice beast.
The ice beast is heavily wounded.
The ice beast hits you but does no damage.
You hit the ice beast.
The ice beast is severely wounded.
The ice beast hits you.
* * * LOW HITPOINT WARNING * * *
The ice beast freezes you!
You die...

.....
#^..#
##...##
#.....+
#.....#
#.....
#...#
##..@##
#..Y..#
#...<.+
#.....#
#.....#
#.....#
##....#
#....#
#...##


You could see an ice beast.

Vanquished Creatures
  Sigmund (D:3)
  Menkaure (D:5)
  Pargi (Sewer)
  An ice beast (D:5)
  A phantom (D:4)
  A kobold brigand (Sewer)
  A bullfrog (D:7)
  A brain worm (Sewer)
  2 scorpions
  A hound (D:6)
  2 orc priests (D:5)
  2 jellies
  2 iguanas
  3 orc wizards
  9 adders
  A shadow imp (D:5)
  3 white imps (D:5)
  A ribbon worm (D:3)
  4 dart slugs
  21 orcs
  5 ball pythons
  10 endoplasms
  10 giant cockroaches
  A goblin (D:2)
  5 hobgoblins
  3 jackals (D:3)
  6 kobolds
  7 quokkas
  2 bats
  2 frilled lizards (D:3)
  3 rats
113 creatures vanquished.

Notes
Turn   | Place    | Note
-------+----------+-------------------------------------------
     0 | D:1      | Ajdolov the Armataur Fighter began the quest for the Orb.
     0 | D:1      | Reached XP level 1. HP: 18/18 MP: 1/1
    67 | D:1      | Found Facibyt's Weapon Shoppe.
   202 | D:1      | Reached skill level 3 in Fighting
   202 | D:1      | Reached XP level 2. HP: 23/26 MP: 2/2
  1351 | D:2      | Reached XP level 3. HP: 15/31 MP: 3/3
  1479 | D:2      | Found a faded altar of an unknown god.
  1501 | D:2      | Identified the +3 dagger of Ziafig {drain, rF- rN+++ MP-9
                  | SInv}
  1599 | D:3      | Found Vuonal's Jewellery Boutique.
  1637 | D:3      | Found Reohip's Book Emporium.
  1656 | D:3      | Found Cippaheh's Jewellery Shoppe.
  1841 | D:3      | Reached XP level 4. HP: 40/40 MP: 4/4
  1876 | D:3      | Found a glowing golden altar of the Shining One.
  1876 | D:3      | Noticed Sigmund
  1940 | D:3      | Killed Sigmund
  1941 | D:3      | Reached skill level 4 in Fighting
  1941 | D:3      | Reached XP level 5. HP: 44/47 MP: 5/5
  2132 | D:3      | Found a bloodstained altar of Trog.
  2132 | D:3      | Found a sacrificial altar of Ru.
  2139 | D:3      | Found a glowing silver altar of Zin.
  2141 | D:3      | Found a stormy altar of Qazlal.
  2142 | D:3      | Found a faded altar of an unknown god.
  2213 | D:3      | Identified the ring "Koitwima" {Fly rElec rN+ Dex+2}
  2654 | D:4      | Reached XP level 6. HP: 55/55 MP: 6/6
  2695 | D:4      | Reached skill level 5 in Fighting
  3095 | D:4      | You fall into a shaft and drop 2 floors!
  3270 | D:6      | Reached skill level 5 in Maces & Flails
  3405 | D:6      | Gained mutation: You regenerate magic and health when
                  | rolling toward enemies. (Rampage Regen) [Armataur growth]
  3405 | D:6      | Reached XP level 7. HP: 53/61 MP: 7/7
  3441 | D:6      | Identified the +2 ring mail of the Three Thickets {rF+ rN+
                  | Int-5 Dex+3}
  3497 | D:5      | Entered Level 5 of the Dungeon
  3762 | D:5      | Noticed Menkaure
  3789 | D:5      | Killed Menkaure
  3790 | D:5      | Reached skill level 6 in Fighting
  4125 | D:5      | Found a glowing drain.
  4144 | Sewer    | Entered a sewer
  4156 | Sewer    | Noticed Pargi
  4174 | Sewer    | Killed Pargi
  4383 | Sewer    | Reached XP level 8. HP: 71/71 MP: 8/8
  4810 | D:5      | Reached skill level 7 in Fighting
  4870 | D:5      | Found a staircase to the Ecumenical Temple.
  4876 | Temple   | Entered the Ecumenical Temple
  4994 | D:5      | Found an iron altar of Okawaru.
  5004 | D:5      | Became a worshipper of Warmaster Okawaru
  5308 | D:6      | Found a radiant altar of Vehumet.
  5611 | D:7      | Slain by an ice beast

Illustrated notes

Levels and vault maps discovered:
D:1:      saegor_arrival_simple_c, layout_loops_cross, serial_shops,
          nicolae_shop_back_alley_shop
D:2:      layout_loops_corners, ebering_ecumenical_altar_webs
D:3:      layout_basic, tso_metal_star, chequers_temple_overflow_minitemple,
          serial_shops, nicolae_square_shop, nicolae_diamond_shop,
          nicolae_shop_window_shopping, chequers_serial_rivers_micro_d,
          minmay_misc_feat_more_columns, uniq_sigmund
D:4:      layout_basic, minmay_misc_feat_doors
D:5:      layout_gridville, hellmonk_okawaru_the_only_friend_you_need,
          minmay_temple_entry_fiery, enter_ossuary_1, gup_sewer_entry_pipe,
          uniq_menkaure
D:6:      layout_basic, mainiacjoe_overflow_24_doors,
          amcnicky_mini_corridor_feature
D:7:      layout_gridville
Temple:   regret_index_temple_generic_petals

Skill      XL: |  1  2  3  4  5  6  7  8 |
---------------+-------------------------+-----
Maces & Flails | 2 3 4 5 6 |  6.9
Fighting       | 3 4 5 6 7 |  7.2
Armour         | |  3.6
Shields        | |  3.2

Action                     |  1- 3 |  4- 6 |  7- 9 || total
---------------------------+-------+-------+-------++-------
  Melee: Flail             |    94 |    99 |       ||   193
         Tailslap          |     7 |    14 |    20 ||    41
         Morningstar       |       |    72 |   144 ||   216
    Use: Potion            |       |       |     1 ||     1
 Armour: Scale mail        |    68 |   143 |   123 ||   334
  Dodge: Dodged            |    44 |    44 |    39 ||   127
  Block: Buckler           |    12 |    28 |    34 ||    74

Table legend: (Time is in decaauts)
 A = Elapsed time spent in this place.
 B = Non-inter-level travel time spent in this place.
 C = Inter-level travel time spent in this place.
 D = Time resting spent in this place.
 E = Time spent auto-exploring this place.
 F = Levels seen in this place.
 G = Mean time per level.
                   A        B        C        D        E       F      G
               +--------+--------+--------+--------+--------+-----+--------+
         Total |   5710 |   5513 |    197 |     13 |   4297 |   9 |  634.4 |
       Dungeon |   5400 |   5207 |    193 |     13 |   4087 |   7 |  771.4 |
        Temple |     11 |      7 |      4 |      0 |      0 |   1 |   11.0 |
         Sewer |    298 |    298 |      0 |      0 |    210 |   1 |  298.0 |
               +--------+--------+--------+--------+--------+-----+--------+

Top non-repeatable levels by time:
     D:5: 1315 daAuts
     D:2: 861 daAuts
     D:3: 853 daAuts
     D:6: 813 daAuts
     D:4: 796 daAuts
     D:1: 743 daAuts
   Sewer: 298 daAuts
     D:7: 16 daAuts
  Temple: 11 daAuts
